 Dungeon Crawl Stone Soup version 0.22.1-1-ga44c0e5 (webtiles) character file.

627 topirishpotato the Ducker (level 7, -5/56 HPs)
             Began as a Gnoll Wanderer on Sept 25, 2018.
             Was a Follower of Okawaru.
             Slain by Prince Ribbit (7 damage)
             ... on level 5 of the Dungeon.
             The game lasted 00:07:03 (3545 turns).

topirishpotato the Ducker (Gnoll Wanderer)          Turns: 3545, Time: 00:07:04

Health: -5/56      AC: 11    Str: 17    XL:     7   Next: 48%
Magic:  0/10       EV: 13    Int: 18    God:    Okawaru [*.....]
Gold:   241        SH:  0    Dex: 15    Spells: 10/10 levels left

rFire    . . .     SeeInvis .   q - +8 club
rCold    . . .     Gourm    .   (no shield)
rNeg     . . .     Faith    .   r - +0 scale mail {rPois}
rPois    +         Spirit   +   (no helmet)
rElec    .         Reflect  .   k - +2 cloak {MR+}
rCorr    .         Harm     .   (no gloves)
MR       +....                  e - +1 pair of boots
Stlth    ++........             j - amulet of guardian spirit
HPRegen  0.18/turn              o - ring of stealth
MPRegen  0.12/turn              s - +1 ring of evasion

@: brilliant
A: distributed training, fangs 1, strong nose
a: Heroism, Renounce Religion


You were on level 5 of the Dungeon.
You worshipped Okawaru.
Okawaru was aware of your devotion.
You were hungry.

You visited 1 branch of the dungeon, and saw 5 of its levels.

You collected 241 gold pieces.

Inventory:

Hand Weapons
 a - a +2 short sword
 q - a +8 club (weapon)
Armour
 e - a +1 pair of boots (worn)
 k - a +2 cloak of magic resistance (worn)
 r - a +0 scale mail of poison resistance (worn)
Jewellery
 j - an amulet of guardian spirit (around neck)
 o - a ring of stealth (left hand)
 s - a +1 ring of evasion (right hand)
Wands
 c - a wand of random effects (84)
 i - a wand of iceblast (6)
 l - a wand of enslavement (7)
 x - a wand of polymorph (16)
Scrolls
 d - a scroll of fear {unknown}
 g - 7 scrolls of identify {unknown}
 h - 2 scrolls of immolation {unknown}
 n - a scroll of enchant weapon {unknown}
 v - a scroll of teleportation {unknown}
Potions
 b - 2 potions of lignification
 p - a potion of cancellation
 t - a potion of heal wounds {unknown}
 u - 2 potions of magic {unknown}
 w - a potion of degeneration {unknown}
Comestibles
 f - 4 rations


   Skills:
 + Level 5.2 Fighting
 + Level 5.2 Short Blades
 + Level 2.4 Long Blades
 + Level 2.4 Axes
 + Level 2.4 Maces & Flails
 + Level 2.4 Polearms
 + Level 2.4 Staves
 + Level 2.4 Slings
 + Level 2.4 Bows
 + Level 2.4 Crossbows
 + Level 2.4 Throwing
 + Level 2.4 Armour
 + Level 5.2 Dodging
 + Level 3.4 Stealth
 + Level 3.6 Shields
 + Level 3.6 Unarmed Combat
 + Level 2.4 Spellcasting
 + Level 2.0 Conjurations
 + Level 2.0 Hexes
 + Level 2.0 Charms
 + Level 2.0 Summonings
 + Level 2.0 Necromancy
 + Level 2.0 Translocations
 + Level 2.0 Transmutations
 + Level 2.0 Fire Magic
 + Level 2.0 Ice Magic
 + Level 2.0 Air Magic
 + Level 2.0 Earth Magic
 + Level 2.0 Poison Magic
 + Level 2.7 Invocations
 + Level 3.6 Evocations


You had 10 spell levels left.
You didn't know any spells.
Your spell library was empty.

Dungeon Overview and Level Annotations

Branches:
Dungeon (5/15)             Temple (0/1) D:4

Altars:
Cheibriados
Okawaru
Qazlal
Trog
Vehumet
Zin

Shops:
D:4 !

Annotations:
D:5 Prince Ribbit


Innate Abilities, Weirdness & Mutations

Your experience applies equally to all skills.
You have very sharp teeth.
Your uncanny sense of smell can sniff out nearby items.


Message History

You are too injured to fight recklessly!
You are too injured to fight recklessly!
You are too injured to fight recklessly!
You are too injured to fight recklessly!
You are too injured to fight recklessly!
You are too injured to fight recklessly!
You are too injured to fight recklessly!
You are too injured to fight recklessly!
You are too injured to fight recklessly!
You are too injured to fight recklessly!
You hit Prince Ribbit.
Prince Ribbit is moderately wounded.
Prince Ribbit hits you!
* * * LOW HITPOINT WARNING * * *
Prince Ribbit lets out a mournful croak.
Prince Ribbit barely misses you.
It was a potion of brilliance.
You feel clever all of a sudden. Prince Ribbit hits you!
You die...

## .# # .#.#
########..)#
#......@F..#
#.#######..#
#.......# .#
#######.# ..
#.# .# #.# #
#.####
#.#<.#
#.##.#


You could see Prince Ribbit.

Vanquished Creatures
  A sky beast (D:5)
  Ijyb (D:3)
  A hound (D:4)
  Crazy Yiuf (D:3)
  An orc wizard (D:3)
  A worker ant zombie (D:3)
  4 gnolls (D:3)
  6 adders
  2 oozes (D:3)
  An adder skeleton (D:4)
  2 worms
  2 dart slugs
  3 leopard geckos
  11 orcs
  7 giant cockroaches
  10 hobgoblins
  3 quokkas
  4 ball pythons
  6 bats
  2 frilled lizards
  7 goblins
  13 kobolds
  6 rats
95 creatures vanquished.

Vanquished Creatures (collateral kills)
  Sigmund (D:3)
1 creature vanquished.

Grand Total: 96 creatures vanquished

Notes
Turn   | Place    | Note
-------+----------+-------------------------------------------
     0 | D:1      | topirishpotato the Gnoll Wanderer began the quest for the
                  | Orb.
     0 | D:1      | topirishpotato set off with: a +2 short sword, a potion of
                  | lignification, a wand of random effects (15), a +0 robe, a
                  | ration
     0 | D:1      | Reached XP level 1. HP: 20/20 MP: 2/2
   129 | D:1      | Reached XP level 2. HP: 15/26 MP: 3/3
   651 | D:1      | Reached XP level 3. HP: 24/31 MP: 4/4
  1047 | D:2      | Reached skill level 1 in Invocations
  1422 | D:3      | Reached skill level 1 in Long Blades
  1422 | D:3      | Reached skill level 1 in Axes
  1422 | D:3      | Reached skill level 1 in Maces & Flails
  1422 | D:3      | Reached skill level 1 in Polearms
  1422 | D:3      | Reached skill level 1 in Staves
  1422 | D:3      | Reached skill level 1 in Slings
  1422 | D:3      | Reached skill level 1 in Bows
  1422 | D:3      | Reached skill level 1 in Crossbows
  1422 | D:3      | Reached skill level 1 in Throwing
  1422 | D:3      | Reached skill level 1 in Armour
  1422 | D:3      | Reached skill level 1 in Spellcasting
  1424 | D:3      | Reached XP level 4. HP: 35/38 MP: 3/6
  1555 | D:3      | Found a radiant altar of Vehumet.
  1639 | D:3      | Found an iron altar of Okawaru.
  1657 | D:3      | Became a worshipper of Warmaster Okawaru
  1677 | D:3      | Reached skill level 1 in Conjurations
  1677 | D:3      | Reached skill level 1 in Hexes
  1677 | D:3      | Reached skill level 1 in Charms
  1677 | D:3      | Reached skill level 1 in Summonings
  1677 | D:3      | Reached skill level 1 in Necromancy
  1677 | D:3      | Reached skill level 1 in Translocations
  1677 | D:3      | Reached skill level 1 in Transmutations
  1677 | D:3      | Reached skill level 1 in Fire Magic
  1677 | D:3      | Reached skill level 1 in Ice Magic
  1677 | D:3      | Reached skill level 1 in Air Magic
  1677 | D:3      | Reached skill level 1 in Earth Magic
  1677 | D:3      | Reached skill level 1 in Poison Magic
  1687 | D:3      | HP: 1/38 [gnoll/flail (8)]
  1696 | D:3      | Reached XP level 5. HP: 11/43 MP: 1/7
  1944 | D:3      | Found a snail-covered altar of Cheibriados.
  1944 | D:3      | Found a glowing silver altar of Zin.
  2043 | D:3      | Noticed Sigmund
  2044 | D:3      | Noticed Ijyb
  2103 | D:3      | Found a runed door.
  2107 | D:3      | Killed Sigmund
  2107 | D:3      | Reached * piety under Okawaru
  2107 | D:3      | Reached XP level 6. HP: 22/50 MP: 6/8
  2153 | D:3      | Killed Ijyb
  2153 | D:3      | Reached skill level 5 in Fighting
  2153 | D:3      | Reached skill level 5 in Short Blades
  2153 | D:3      | Reached skill level 5 in Dodging
  2395 | D:3      | Noticed Crazy Yiuf
  2402 | D:3      | Killed Crazy Yiuf
  2650 | D:3      | Reached XP level 7. HP: 54/56 MP: 10/10
  3109 | D:4      | Found a stormy altar of Qazlal.
  3110 | D:4      | Found a bloodstained altar of Trog.
  3126 | D:4      | Found a staircase to the Ecumenical Temple.
  3194 | D:4      | Found Lolifax's Distillery.
  3498 | D:5      | Entered Level 5 of the Dungeon
  3534 | D:5      | Noticed Prince Ribbit
  3544 | D:5      | HP: 2/56 [Prince Ribbit (11)]
  3545 | D:5      | Slain by Prince Ribbit

Skill      XL: |  1  2  3  4  5  6  7 |
---------------+----------------------+-----
Invocations    | 1 2 |  2.7
Long Blades    | 1 2 |  2.4
Axes           | 1 2 |  2.4
Maces & Flails | 1 2 |  2.4
Polearms       | 1 2 |  2.4
Staves         | 1 2 |  2.4
Slings         | 1 2 |  2.4
Bows           | 1 2 |  2.4
Crossbows      | 1 2 |  2.4
Throwing       | 1 2 |  2.4
Armour         | 1 2 |  2.4
Spellcasting   | 1 2 |  2.4
Conjurations   | 1 2 |  2.0
Hexes          | 1 2 |  2.0
Charms         | 1 2 |  2.0
Summonings     | 1 2 |  2.0
Necromancy     | 1 2 |  2.0
Translocations | 1 2 |  2.0
Transmutations | 1 2 |  2.0
Fire Magic     | 1 2 |  2.0
Ice Magic      | 1 2 |  2.0
Air Magic      | 1 2 |  2.0
Earth Magic    | 1 2 |  2.0
Poison Magic   | 1 2 |  2.0
Stealth        | 3 |  3.4
Shields        | 3 |  3.6
Unarmed Combat | 3 |  3.6
Evocations     | 3 |  3.6
Fighting       | 5 |  5.2
Short Blades   | 5 |  5.2
Dodging        | 5 |  5.2

Action                   |  1- 3 |  4- 6 |  7- 9 || total
-------------------------+-------+-------+-------++-------
Melee: Short sword       |   112 |   133 |       ||   245
       Bite              |     8 |    19 |     7 ||    34
       Punch             |     2 |     1 |       ||     3
       Club              |       |    23 |    71 ||    94
Evoke: Wand              |       |     5 |       ||     5
  Use: Potion            |       |     5 |     1 ||     6
 Stab: Sleeping          |     3 |     2 |     2 ||     7
  Eat: Chunk             |       |     5 |     3 ||     8
Armor: Robe              |    18 |       |       ||    18
       Ring mail         |    15 |    44 |       ||    59
       Scale mail        |       |     6 |    30 ||    36
Dodge: Dodged            |    85 |   126 |    36 ||   247
